Unix NetHack Version 5.0.0-0 post-release - last build May 31 2026 23:59:36 (970b52f25bf058293b47ddfd14a1e40e571c508c,branch:main).

Game began 2026-06-08 18:49:39, ended 2026-06-09 16:35:59.

Eisengrim, chaotic male elven Wizard

                                   ---   ---
                                  --.-----.---                  ----
                             ---  |..........|                 --..---------
                            --.----..........---         -------...........--
                            |....|.............---       0..........--......|
                            |....................------- - --...............|
                           --........|...................| |.............----
                           |.....*...|...............----- |.........-----
                           --.........................------....--..---- ---
       ---              -----.^--.-.....................--.....----....---.---
      --... |    --------...........|.........|................|  ----.......|
      |......   --........------------>.......|................--    --......--
     --........ |..--------        ......--.........--..........|     |.......|
     |...........@--              |..-----|........--|#.........--    --..|..-|
     --  --.....*.a.              ---     ---.%|..-- #...........|     |..|...|
          ----------                        |.%|---  |..---.--...----  --....--
                                            |.[-###- ---- -----.....|   |...-|
                                            |..%...-          |.....|  --....|
                                            |..<-- .|         --..---  |....--
                                            --.--   |          ----    |..---
                                             ---                       ----
Eisengrim the Conjurer    St:9 Dx:16 Co:13 In:17 Wi:10 Ch:10  Chaotic
Dlvl:4  $:40 HP:0(25) Pw:19(51) AC:9  Xp:5 T:1127 

Latest messages:
 You finish eating the gnome lord corpse.
 $ - 11 gold pieces (40 in total).
 x - a hooded cloak.
 There are several objects here.
 The dwarf picks up a pair of hard shoes.
 In what direction?
 The spell misses the dwarf.
 In what direction?
 The spell hits the dwarf!
 You kill the dwarf!
 There are several objects here.
 y - an iridium wand.
 z - a wand of striking.
 A - a white gem.
 There are many objects here.
 B - a hooded cloak.
 C - a dwarvish mithril-coat.
 You see here an orange gem.
 D - an orange gem.
 An arrow shoots out at you!
 You are hit by an arrow.
 You miss the giant ant.
 The giant ant bites!
 In what direction?
 The spell misses the giant ant.
 The giant ant bites!
 What do you want to zap? [cyz or ?*]
 In what direction?
 The wand misses the giant ant.
 The giant ant bites!
 The giant ant bites!
 What do you want to zap? [cyz or ?*]
 In what direction?
 The wand hits the giant ant!
 You kill the giant ant!
 Welcome to experience level 5.
 The giant ant bites!
 What do you want to zap? [cyz or ?*]
 In what direction?
 The wand misses the giant ant.
 The giant ant bites!
 The giant ant bites!
 What do you want to zap? [cyz or ?*]
 In what direction?
 The wand misses the giant ant.
 The giant ant bites!
 You die...
 Do you want your possessions identified? [ynq] (y)
 Do you want to see your attributes? [ynq] (y)
 Do you want an account of creatures vanquished? [ynaq] (y)

Inventory:
 Coins    ('$')
  $ - 40 gold pieces
 Weapons  (')')
  a - a blessed +1 quarterstaff (weapon in hands)
 Armor    ('[')
  b - an uncursed +0 cloak of magic resistance (being worn)
  x - an uncursed +0 dwarvish cloak
  B - an uncursed +0 dwarvish cloak
  C - an uncursed +0 dwarvish mithril-coat
 Comestibles  ('%')
  w - an uncursed food ration
  q - 2 cursed food rations
  u - an uncursed lichen corpse
 Scrolls  ('?')
  i - a blessed scroll of blank paper
  k - an uncursed scroll of blank paper
  j - an uncursed scroll of identify
  t - an uncursed scroll of magic mapping
 Spellbooks  ('+')
  l - a blessed spellbook of blank paper
  m - an uncursed spellbook of blank paper
 Potions  ('!')
  g - an uncursed potion of booze
  h - an uncursed diluted potion of gain ability
  p - an uncursed diluted potion of levitation
  v - 2 uncursed potions of monster detection
  f - an uncursed diluted potion of speed
 Rings    ('=')
  e - an uncursed +2 ring of gain strength
  d - an uncursed ring of poison resistance
 Wands    ('/')
  c - a wand of cancellation (0:6)
  y - a cursed wand of fire (0:8)
  z - a wand of striking (0:1)
 Tools    ('(')
  o - an uncursed bugle
  n - a magic marker (0:21)
  r - a cursed magic whistle
  s - an uncursed tallow candle
 Gems/Stones  ('*')
  D - an uncursed worthless piece of orange glass
  A - an uncursed worthless piece of white glass

Eisengrim the Wizard's attributes:

Background:
 You were a Conjurer, a level 5 male elven Wizard.
 You were chaotic, nominally on a mission for Anhur
 who was opposed by Ptah (lawful) and Thoth (neutral).
 You were right-handed.
 You were in the Gnomish Mines, on level 4.
 You entered the dungeon 1127 turns ago.
 You had 166 experience points, 154 more were needed to attain level 6.

Basics:
 You had 0 out of 25 hit points.
 You had 19 out of 51 energy points (spell power).
 Your armor class was 9.
 Your wallet contained 40 zorkmids.
 Autopickup was off.

Final Characteristics:
 Your strength was 9 (limit:18).
 Your dexterity was 16 (limit:18).
 Your constitution was 13 (limit:16).
 Your intelligence was 17 (limit:20).
 Your wisdom was 10 (limit:20).
 Your charisma was 10 (limit:18).

Final Status:
 You weren't hungry.
 You were unencumbered.
 You were wielding a quarterstaff.
 You had basic skill with quarterstaff.

Final Attributes:
 You were devoutly aligned.
 You were magic-protected.
 You were sleep resistant.
 You had infravision.
 You were warded.
 You are dead.

Miscellaneous:
 You didn't encounter any bones levels.
 Total elapsed playing time was 39 minutes and 30 seconds.

Major events:
 Turn
    1: Eisengrim the chaotic male elven Wizard entered the dungeon
  776: attained the rank of Conjurer (level 3)
  909: entered the Gnomish Mines
 1127: killed by a giant ant

Spells:
 Name                 Level Category     Fail Retention
 force bolt             1   attack         0%  91%-100%
 confuse monster        1   enchantment    0%  91%-100%

Skills:
 Fighting Skills
   bare handed combat [Unskilled]
   riding             [Unskilled]
 Weapon Skills
   dagger             [Unskilled]
   knife              [Unskilled]
   axe                [Unskilled]
   short sword        [Unskilled]
   club               [Unskilled]
   mace               [Unskilled]
   quarterstaff       [Basic]
   polearms           [Unskilled]
   spear              [Unskilled]
   trident            [Unskilled]
   sling              [Unskilled]
   dart               [Unskilled]
   shuriken           [Unskilled]
 Spellcasting Skills
   attack spells      [Basic]
   healing spells     [Unskilled]
   divination spells  [Unskilled]
   enchantment spells [Basic]
   clerical spells    [Unskilled]
   escape spells      [Unskilled]
   matter spells      [Unskilled]

Voluntary challenges:
 Character rerolling was not enabled.
 You were an atheist.
 You were illiterate.
 You never genocided any monsters.
 You never polymorphed an object.
 You never changed form.
 You used no wishes.
Achievements:
 You entered a shop.
 You attained the rank of Conjurer.
 You entered the Gnomish Mines.

 The Dungeons of Doom: levels 1 to 3
    Level 1:
    Level 2:
       A potion shop, many fountains.
    Level 3:
       Many altars.
       Stairs down to The Gnomish Mines.
 The Gnomish Mines:
    Level 4: <- You were here.
       Final resting place for
          you, killed by a giant ant.


Vanquished creatures:
  2 shriekers
  a gnome leader
  a giant ant
  3 dwarves
 an acid blob
  4 giant rats
  a yellow mold
  8 gnomes
  a gecko
  4 jackals
  2 grid bugs
  3 lichens
  a kobold zombie
  3 newts
35 creatures vanquished.

No species were genocided or became extinct.

Game over:
                       ----------
                      /          \
                     /    REST    \
                    /      IN      \
                   /     PEACE      \
                  /                  \
                  |    Eisengrim     |
                  |      40 Au       |
                  |   killed by a    |
                  |    giant ant     |
                  |                  |
                  |                  |
                  |       2026       |
                 *|     *  *  *      | *
        _________)/\\_//(\/(/\)/\//\/|_)_______

Goodbye Eisengrim the Wizard...

You died in The Gnomish Mines on dungeon level 4 with 850 points,
and 40 pieces of gold, after 1127 moves.
You were level 5 with a maximum of 25 hit points when you died.

